 Dungeon Crawl Stone Soup version 0.20.1-1-g8b1a95d (webtiles) character file.

137 Knicklaso the Poker (level 5, -1/42 HPs)
             Began as a Demonspawn Chaos Knight on Aug 12, 2017.
             Slain by a shadow imp (5 damage)
             ... on level 3 of the Dungeon.
             The game lasted 00:03:44 (1481 turns).

Knicklaso the Poker (Demonspawn Chaos Knight)       Turns: 1481, Time: 00:03:44

Health: -1/42      AC:  5    Str: 13    XL:     5   Next: 0%
Magic:  0/5        EV: 12    Int: 13    God:    Xom [..*...]
Gold:   8          SH:  0    Dex: 13    Spells: 4/4 levels left

rFire    . . .     SeeInvis .   a - +0 spear (chaos)
rCold    . . .     Gourm    .   (no shield)
rNeg     . . .     Faith    .   b - +2 leather armour
rPois    .         Spirit   +   (no helmet)
rElec    .         Reflect  .   (no cloak)
rCorr    .         Harm     .   (no gloves)
MR       .....                  (no boots)
Stlth    +.........             (no amulet)
Regen    0.2/turn               (no ring)
MPRegen  0.2/turn               (no ring)

@: no status effects
A: powered by death 1, magic shield, magic regeneration
a: Renounce Religion


You were on level 3 of the Dungeon.
You worshipped Xom.
You were a toy of Xom.
You were very hungry.

You visited 1 branch of the dungeon, and saw 3 of its levels.

You collected 8 gold pieces.

Inventory:

Hand Weapons
 a - a +0 spear of chaos (weapon)
Armour
 b - a +2 leather armour (worn)
Scrolls
 f - 2 scrolls of teleportation {unknown}
 g - a scroll of identify {unknown}
 h - a scroll of amnesia {unknown}
Potions
 d - a potion of brilliance {unknown}
Comestibles
 c - 2 bread rations


   Skills:
 + Level 3.8 Fighting
 * Level 4.2 Polearms
 - Level 1.7 Armour
 + Level 2.0 Dodging


You had 4 spell levels left.
You didn't know any spells.

Dungeon Overview and Level Annotations

Branches:
Dungeon (3/15)

Altars:


Innate Abilities, Weirdness & Mutations

You regenerate a little health from kills.
When hurt, damage is shared between your health and your magic reserves.
You regenerate magic rapidly.


Message History

The shadow imp is moderately wounded.
The shadow imp blinks!
You feel yourself slow down.
Items here: )))) [[ ††† You are too injured to fight recklessly!
You hit the orc.
The orc appears confused.
The orc is heavily wounded.
You hit the orc but do no damage.
The orc is heavily wounded.
You hit the shadow imp but do no damage.
The shadow imp is moderately wounded.
The orc hits the shadow imp but does no damage.
The shadow imp gestures at you. Pain shoots through your body!
* * * LOW HITPOINT WARNING * * *
You hit the shadow imp. You burn the shadow imp.
The shadow imp is almost dead.
The shadow imp hits you.
You die... "What!?
That's it?"

########## # #......... #.
####......... ###..#####
#o{'5........ .........#
#)##......... ..
...###..#§#@###.##.........
..........o.5.....##....(....
.#.......#.##.##.##.5oo.....
#.................##......... #
#.#..####.#[#.....##.o....... #.
#.#..# #.#.#.....##.........
#.##.#..####.........##.........
...............#..#.###.........
.#..#..#####.##..#.#


You could see a shadow imp and an orc (confused).

Vanquished Creatures
  An orc priest (D:3)
  An orc wizard (D:3)
  An adder (D:3)
  An ooze (D:3)
  2 worms (D:2)
  A dart slug (D:1)
  2 leopard geckos
  6 orcs (D:3)
  4 bats
  3 giant cockroaches (D:1)
  4 goblins
  11 hobgoblins
  4 jackals (D:2)
  2 kobolds
  6 frilled lizards
  6 rats
55 creatures vanquished.

Notes
Turn   | Place    | Note
-------+----------+-------------------------------------------
     0 | D:1      | Knicklaso the Demonspawn Chaos Knight began the quest for the Orb.
     0 | D:1      | Reached XP level 1. HP: 18/18 MP: 1/1
   127 | D:1      | XOM: silly message
   136 | D:1      | Reached skill level 1 in Dodging
   169 | D:1      | Reached skill level 3 in Polearms
   227 | D:1      | Gained mutation: When hurt, damage is shared between your health and your magic reserves. [demonic ancestry]
   227 | D:1      | Reached XP level 2. HP: 24/24 MP: 2/2
   265 | D:1      | XOM: cloud trail
   478 | D:1      | XOM: cloud trail
   809 | D:2      | Reached XP level 3. HP: 27/29 MP: 3/3
   816 | D:2      | XOM: harmless Fire miscast
   959 | D:2      | XOM: harmless Erth miscast
  1104 | D:2      | XOM: harmless Pois miscast
  1379 | D:3      | Gained mutation: You regenerate magic rapidly. [demonic ancestry]
  1379 | D:3      | Reached XP level 4. HP: 36/36 MP: 4/4
  1411 | D:3      | XOM: potion effect (haste)
  1465 | D:3      | Reached skill level 4 in Polearms
  1473 | D:3      | Gained mutation: You regenerate a little health from kills. [demonic ancestry]
  1473 | D:3      | Reached XP level 5. HP: 5/42 MP: 1/5
  1481 | D:3      | Slain by a shadow imp

Skill      XL: |  1  2  3  4 |
---------------+-------------+-----
Dodging        | 1 2 |  2.0
Polearms       | 3 4 |  4.2
Fighting       | |  3.8
Armour         | |  1.7

Action                   |  1- 3 |  4- 6 || total
-------------------------+-------+-------++-------
Melee: Spear             |   178 |    62 ||   240
  Use: Potion            |     1 |     1 ||     2
 Stab: Petrifying        |     1 |       ||     1
       Petrified         |     1 |       ||     1
  Eat: Chunk             |     1 |       ||     1
Armor: Leather armour    |    30 |     8 ||    38
Dodge: Dodged            |    55 |    12 ||    67
